 Dungeon Crawl Stone Soup version 0.19-a0-866-ga8d832c (webtiles) character file.

354 Arkorax the Skirmisher (level 6, -15/51 HPs)
             Began as a Vine Stalker Berserker on July 3, 2016.
             Was a Priest of Trog.
             Killed from afar by Pikel (20 damage)
             ... with a wand of lightning
             ... on level 5 of the Dungeon.
             The game lasted 00:03:17 (2969 turns).

Arkorax the Skirmisher (Vine Stalker Berserker)     Turns: 2969, Time: 00:03:18

Health: -15/51     AC: 12    Str: 25    XL:     6   Next: 63%
Magic:  0/7        EV:  8    Int:  7    God:    Trog [***...]
Gold:   175        SH:  4    Dex: 15    Spells: 0 memorised, 5 levels left

rFire  . . .     SeeInvis .     a - +0 falchion
rCold  . . .     Gourm    .     h - +0 chain mail
rNeg   . . .     Faith    .     w - +0 buckler
rPois  .         Spirit   +     c - +2 helmet
rElec  .         Dismiss  .     (no cloak)
rCorr  .         Reflect  .     (no gloves)
SustAt +         Harm     .     (no boots)
MR     ++...                    (no amulet)
Stlth  ..........               (no ring)
                                m - ring of sustain attributes

@: berserking (expiring), regenerating, very quick, very resistant to hostile
enchantments, extremely unstealthy
A: fangs 2, regeneration 2, magic shield, antimagic bite, no device heal 3, rot
immunity
a: Berserk, Trog's Hand, Burn Spellbooks, Renounce Religion


You were on level 5 of the Dungeon.
You worshipped Trog.
Trog was most pleased with you.
You were not hungry.

You visited 1 branch of the dungeon, and saw 5 of its levels.

You collected 175 gold pieces.

Inventory:

Hand Weapons
 a - a +0 falchion (weapon)
 y - a +0 short sword of freezing
Missiles
 q - a throwing net (quivered)
Armour
 b - a +0 animal skin
 c - a +2 helmet (worn)
 d - a +0 leather armour
 h - a +0 chain mail (worn)
 w - a +0 buckler (worn)
Jewellery
 m - a ring of sustain attributes (left hand)
Scrolls
 e - 4 scrolls of remove curse {unknown}
 f - a scroll of random uselessness {unknown}
 i - 3 scrolls of amnesia {unknown}
 j - a scroll of immolation {unknown}
 n - 2 scrolls of fear {unknown}
 o - 6 scrolls of identify {unknown}
 u - a scroll of teleportation {unknown}
Potions
 g - a potion of mutation {unknown}
 k - 2 potions of agility {unknown}
 l - a potion of heal wounds {unknown}
 s - a potion of beneficial mutation {unknown}
 v - a potion of lignification {unknown}
 x - a potion of flight {unknown}
Comestibles
 p - a meat ration
 r - 3 fruits
 t - a bread ration


   Skills:
 * Level 4.5 Fighting
 * Level 4.4 Long Blades
 - Level 2.5 Armour
 - Level 1.5 Dodging
 * Level 1.7 Shields


You had 5 spell levels left.
You didn't know any spells.

Dungeon Overview and Level Annotations

Branches:
Dungeon (5/15)             Temple (0/1) D:4

Altars:
Fedhas
Qazlal

Portals:
Sewer: D:3

Annotations:
D:5 Pikel


Innate Abilities, Weirdness & Mutations

You have extremely sharp teeth.
You heal very quickly.
When hurt, damage is shared between your health and your magic reserves.
Your bite disrupts and absorbs the magic of your enemies.
Potions and wands cannot restore your health.
You are immune to rotting.


Message History

* * * LOW HITPOINT WARNING * * *
You are too injured to fight recklessly!
You are too injured to fight recklessly!
You are too injured to fight recklessly!
You are too injured to fight recklessly!
You hit Pikel. You bite Pikel. You drain his power.
You feel invigorated.
Pikel is heavily wounded.
You closely miss Pikel. You bite Pikel. You drain his power.
You feel invigorated.
Pikel is severely wounded.
Pikel hits you with a whip of freezing.
* * * LOW HITPOINT WARNING * * *
Pikel freezes you.
* * * LOW HITPOINT WARNING * * *
You hit Pikel.
Pikel is severely wounded.
Pikel zaps a wand.
The bolt of lightning hits you!
* * * LOW HITPOINT WARNING * * *
The bolt of lightning hits you!
You die...

########### #.........#
#.#######.########### ### #.#
#.#..@Kpp.... ..# #.#
#.#[###########.# #.#
#.#.######....#.# #.#
#.#........##.#.# #.#
##.#'#####..##.#.# #.#
#.#.......##..##.#.###### #.#
#.#........#..#.......... #.#
#.#........#..#..#.######
####.####......###.#..#......###


You could see Pikel and 2 slaves.

Vanquished Creatures
  2 slaves (D:5)
  A scorpion (D:4)
  A crimson imp (D:5)
  2 worker ants (D:4)
  Ijyb (D:2)
  A hound zombie (D:4)
  A worker ant zombie (D:5)
  4 gnolls
  5 adders
  An ooze (D:3)
  3 worms
  A dart slug (D:3)
  2 giant geckos
  3 orcs
  6 ball pythons
  4 giant cockroaches
  4 goblins
  7 hobgoblins
  4 jackals (D:5)
  13 kobolds
  7 bats
  4 giant newts
  7 rats
84 creatures vanquished.

Notes
Turn   | Place    | Note
-------+----------+-------------------------------------------
     0 | D:1      | Arkorax the Vine Stalker Berserker began the quest for the Orb.
     0 | D:1      | Reached XP level 1. HP: 11/11 MP: 2/2
   285 | D:1      | Reached XP level 2. HP: 16/16 MP: 3/3
   749 | D:1      | Reached ** piety under Trog
   754 | D:1      | Reached XP level 3. HP: 20/20 MP: 4/4
   866 | D:2      | Found a stormy altar of Qazlal.
   867 | D:2      | Found a blossoming altar of Fedhas.
   958 | D:2      | Noticed Ijyb
   973 | D:2      | Killed Ijyb
   973 | D:2      | Reached XP level 4. HP: 18/24 MP: 5/5
  1308 | D:3      | Reached XP level 5. HP: 16/29 MP: 4/6
  1665 | D:3      | Reached *** piety under Trog
  1679 | D:3      | Found a glowing drain.
  1796 | D:4      | Found a staircase to the Ecumenical Temple.
  2258 | D:4      | Reached skill level 1 in Shields
  2258 | D:4      | Gained mutation: You heal very quickly. [Vine Stalker growth]
  2258 | D:4      | Reached XP level 6. HP: 12/33 MP: 2/7
  2700 | D:5      | Entered Level 5 of the Dungeon
  2939 | D:5      | Noticed a slave
  2956 | D:5      | Killed a slave
  2957 | D:5      | Noticed Pikel
  2957 | D:5      | Noticed a slave
  2957 | D:5      | Noticed a slave
  2958 | D:5      | Noticed a slave
  2963 | D:5      | Killed a slave
  2969 | D:5      | Killed from afar by Pikel

Vault maps used:
D:1:      lemuel_arrival_funnel
D:2:      grunt_temple_overflow_forces_of_nature, uniq_iyjb
D:3:      portal_sewer_entry_e
D:4:      kennysheep_generic_room_14
D:5:      kennysheep_mini_moat, basic_altar, first_bread, sword_in_stone,
          uniq_pikel

Skill      XL: |  1  2  3  4  5 |
---------------+----------------+-----
Fighting       | 3 4 |  4.5
Long Blades    | 3 4 |  4.4
Armour         | 2 |  2.5
Shields        | 1 |  1.7
Dodging        | |  1.5

Action                   |  1- 3 |  4- 6 || total
-------------------------+-------+-------++-------
Melee: Falchion          |   112 |   274 ||   386
       Bite              |    23 |    86 ||   109
Invok: Berserk           |       |     3 ||     3
       Trog's Hand       |       |     2 ||     2
  Eat: Bread ration      |       |     1 ||     1
       Chunk             |       |     1 ||     1
       Meat ration       |       |     1 ||     1
Armor: Leather armour    |     3 |       ||     3
       Chain mail        |    47 |   143 ||   190
Dodge: Dodged            |    44 |    77 ||   121
Block: Buckler           |       |    17 ||    17
